 Dungeon Crawl Stone Soup version 0.31-a0-214-gb37851d (webtiles) character file.

Game seed: 3287101136125980558

303 lyrin the Magician (level 6, 42/42 HPs) *EXPLORE*
             Began as a Djinni Transmuter on July 1, 2023.
             Quit the game on level 3 of the Dungeon.
             The game lasted 00:05:12 (3608 turns).

lyrin the Magician (Djinni Transmuter)              Turns: 3608, Time: 00:05:12

Health: 42/42      AC:  3    Str:  9    XL:     6   Next: 65%
Gold:   248        EV: 13    Int: 17    God:
                   SH:  0    Dex: 13

rFire   + + .        y - +0 dagger (venom)
rCold   . . .        (no shield)
rNeg    . . .        a - +0 robe
rPois   ∞            (no helmet)
rElec   .            (no cloak)
rCorr   .            v - +0 pair of gloves
SInv    .            (boots unavailable)
Will    .....        (no amulet)
Stlth   ++           c - ring of wizardry
HPRegen 0.27/turn    e - ring of protection from cold
MPRegen 0.00/turn

%: wizardry (x1)
@: flying
A: sickness immunity, fire resistance 2, cold vulnerability 1, float, innate
caster, HP casting, extra vitality 1
a: no special abilities


You were on level 3 of the Dungeon.
You visited 1 branch of the dungeon, and saw 4 of its levels.

You collected 248 gold pieces.

Inventory:

Hand Weapons
 t - a +0 falchion
 y - a +0 dagger of venom (weapon)
Missiles
 s - 6 curare-tipped darts
Armour
 a - a +0 robe (worn)
 d - a +0 ring mail
 v - a +0 pair of gloves (worn)
Jewellery
 c - a ring of wizardry (left hand)
 e - a ring of protection from cold (right hand)
Wands
 w - a wand of charming (4)
Scrolls
 f - a scroll of immolation {unknown}
 h - a scroll of vulnerability {unknown}
 i - 2 scrolls of teleportation {unknown}
 j - 2 scrolls of identify {unknown}
 l - a scroll of amnesia {unknown}
 n - a scroll of torment {unknown}
 o - a scroll of poison {unknown}
 r - a scroll of blinking {unknown}
 x - a scroll of butterflies {unknown}
Potions
 b - a potion of lignification
 g - 3 potions of curing {unknown}
 k - 3 potions of mutation {unknown}
 m - 2 potions of attraction {unknown}
 p - a potion of heal wounds {unknown}
 q - 2 potions of haste {unknown}
 u - a potion of brilliance {unknown}
 z - a potion of resistance {unknown}


   Skills:
 + Level 1.6 Fighting
 + Level 3.6 Dodging
 + Level 1.2 Stealth
 - Level 3.5 Unarmed Combat
 * Level 4.1 Spellcasting
 * Level 4.1 Conjurations
 * Level 4.1 Hexes
 * Level 4.1 Summonings
 * Level 4.1 Necromancy
 * Level 4.1 Translocations
 * Level 4.1 Transmutations
 * Level 4.1 Fire Magic
 * Level 4.1 Ice Magic
 * Level 4.1 Air Magic
 * Level 4.1 Earth Magic
 * Level 4.1 Poison Magic


You knew the following spells:

 Your Spells              Type           Power      Damage    Failure   Level
a - Shock                 Conj/Air       68%        1d7       1%          1
b - Wereblood             Tmut           17%        N/A       1%          2
c - Spider Form           Tmut/Pois      17%        N/A       3%          3
d - Ice Form              Ice/Tmut       17%        N/A       12%         4
e - Beastly Appendage     Tmut           34%        N/A       1%          1
f - Static Discharge      Conj/Air       34%        2-4/arc   1%          2
Your spell library was empty.

Dungeon Overview and Level Annotations

Branches:
Dungeon (4/15)
 Temple: D:4-7

Altars:
Ashenzari
Dithmenos
Uskayaw
Zin


Innate Abilities, Weirdness & Mutations

You are immune to sickness and miasma.
You are immune to poison.
Your flesh is very heat resistant. (rF++)
You are vulnerable to cold. (rC-)
You float through the air rather than walking.
You learn spells naturally, not from books.
Your magical power is your life essence.
You have superior vitality. (+4 MHP)


Message History

Casting: Shock (safe; 1% risk of failure)
Confirm with . or Enter, or press ? or * to list all spells.
Aiming: Shock (safe; 1% risk of failure)
Press: ? - help, Shift-Dir - straight line, f/p - orc priest
Aim: an orc priest, wielding a +0 dagger and wearing a +0 ring mail (moderately wounded, 75% to hit)
The zap misses the orc priest.
The orc priest invokes the aid of Beogh against you.
Beogh smites you!
Casting: Shock (safe; 1% risk of failure)
Confirm with . or Enter, or press ? or * to list all spells.
Aiming: Shock (safe; 1% risk of failure)
Press: ? - help, Shift-Dir - straight line, f/p - orc priest
Aim: an orc priest, wielding a +0 dagger and wearing a +0 ring mail (moderately wounded, 75% to hit)
The zap hits the orc priest.
The orc priest is heavily wounded.
The orc priest mumbles some strange prayers to Beogh against you.
Beogh smites you!
* * * LOW HITPOINT WARNING * * *
The orc priest calls down the wrath of Beogh upon you.
Beogh smites you!
Die?
Thought so.
You fly upwards.
There is a stone staircase leading down here.
Casting: Shock (safe; 1% risk of failure)
Confirm with . or Enter, or press ? or * to list all spells.
Aiming: Shock (safe; 1% risk of failure)
Press: ? - help, Shift-Dir - straight line That beam is likely to hit you.
Continue anyway? [Y]es or [N]o only, please.
That beam is likely to hit you.
Continue anyway? [Y]es or [N]o only, please.
That beam is likely to hit you.
Continue anyway? [Y]es or [N]o only, please.
That beam is likely to hit you.
Continue anyway?
Okay, then.
Unknown command.
Unknown command.
Unknown command.
Are you sure you want to abandon this character and quit the game? (Confirm with "yes".)

#. #. ### #. ######.#### #.
#####....<....# #.
####......#......# ##### ##
.....###..##...#.###...#
.......#..##.....[.....########
#.#..#........##@###..........#
..#.......###.##o###...######.#
#.#.####.........##.......# #.###
..#.# #####...#####...##.# #.#..
.##.# ##.....## ##.###.# #.#.#
.##.## ##.......## #.#.#.###.#.#
.....####.........###.........#>#
........'.........+..............
.#...####.........####....#######


You could see an orc priest.

Vanquished Creatures
  A scorpion (D:4)
  2 orc priests (D:3)
  An iguana (D:2)
  An orc wizard (D:3)
  5 adders
  5 dart slugs
  3 orcs
  3 ball pythons
  4 bats
  5 endoplasms
  6 giant cockroaches
  10 goblins
  3 hobgoblins
  6 jackals
  8 kobolds
  6 quokkas
  2 frilled lizards
  3 rats
74 creatures vanquished.

Notes
Turn   | Place    | Note
-------+----------+-------------------------------------------
     0 | D:1      | lyrin the Djinni Transmuter began the quest for the Orb.
     0 | D:1      | lyrin set off with the following spells memorised: Beastly
                  | Appendage, Wereblood, Spider Form, Ice Form.
     0 | D:1      | Reached XP level 1. HP: 17/17 MP: 0/0
   128 | D:1      | Reached XP level 2. HP: 22/22 MP: 0/0
   609 | D:1      | Reached XP level 3. HP: 27/27 MP: 0/0
   609 | D:1      | Learned a level 1 spell: Shock
  1087 | D:2      | You are sucked into a shaft and drop 2 floors!
  1171 | D:2      | Entered explore mode.
  1384 | D:2      | Reached XP level 4. HP: 22/32 MP: 0/0
  2133 | D:3      | Reached XP level 5. HP: 34/37 MP: 0/0
  2133 | D:3      | Learned a level 2 spell: Static Discharge
  2205 | D:3      | Found a hide-covered altar of Uskayaw.
  2205 | D:3      | Found a shadowy altar of Dithmenos.
  2205 | D:3      | Found a glowing silver altar of Zin.
  2206 | D:3      | Found a broken altar of Ashenzari.
  2359 | D:3      | Reached skill level 1 in Stealth
  2944 | D:3      | Reached XP level 6. HP: 41/42 MP: 0/0
  3606 | D:4      | Killed by divine providence
                  | ... invoked by an orc priest
                  | (13 damage)
  3608 | D:3      | Quit the game

Illustrated notes

Levels and vault maps discovered:
D:1:      scummos_arrival_checkerplants, layout_basic
D:2:      layout_basic
D:3:      layout_loops_corners, chequers_temple_overflow_statue_of_worship
D:4:      layout_cave_pools, st_stairs_8, minmay_shop_damaged

Skill      XL: |  1  2  3  4  5  6 |
---------------+-------------------+-----
Dodging        | 3 |  3.6
Spellcasting   | 3 4 |  4.1
Conjurations   | 3 4 |  4.1
Hexes          | 3 4 |  4.1
Summonings     | 3 4 |  4.1
Necromancy     | 3 4 |  4.1
Translocations | 3 4 |  4.1
Transmutations | 3 4 |  4.1
Fire Magic     | 3 4 |  4.1
Ice Magic      | 3 4 |  4.1
Air Magic      | 3 4 |  4.1
Earth Magic    | 3 4 |  4.1
Poison Magic   | 3 4 |  4.1
Stealth        | 1 |  1.2
Fighting       | |  1.6
Unarmed Combat | |  3.5

Action                     |  1- 3 |  4- 6 || total
---------------------------+-------+-------++-------
  Melee: Unarmed           |    94 |       ||    94
         Headbutt          |     9 |       ||     9
         Punch             |     1 |       ||     1
   Cast: Beastly Appendage |     9 |       ||     9
         Shock             |    12 |   126 ||   138
 Armour: Robe              |    24 |     9 ||    33
  Dodge: Dodged            |    67 |    26 ||    93

Table legend: (Time is in decaauts)
 A = Elapsed time spent in this place.
 B = Non-inter-level travel time spent in this place.
 C = Inter-level travel time spent in this place.
 D = Time resting spent in this place.
 E = Time spent auto-exploring this place.
 F = Levels seen in this place.
 G = Mean time per level.
                   A        B        C        D        E       F      G
               +--------+--------+--------+--------+--------+-----+--------+
         Total |   3602 |   3483 |    119 |    541 |   2371 |   4 |  900.5 |
       Dungeon |   3602 |   3483 |    119 |    541 |   2371 |   4 |  900.5 |
               +--------+--------+--------+--------+--------+-----+--------+

Top non-repeatable levels by time:
     D:3: 1317 daAuts
     D:1: 1047 daAuts
     D:2: 977 daAuts
     D:4: 260 daAuts
